 Dungeon Sprint DCSS version 0.29-a0-551-gffc1d7fb78 (webtiles) character file.

Game seed: 12280526183941731211

6 mhtbhm the Caller (level 1, -2/15 HPs)
             Began as a Deep Elf Summoner on June 5, 2022.
             Slain by a water moccasin (9 damage)
             ... in the Dungeon (Sprint IX: "|||||||||||||||||||||||||||||").
             The game lasted 00:00:49 (172 turns).

mhtbhm the Caller (Deep Elf Summoner)                Turns: 172, Time: 00:00:50

Health: -2/15      AC:  2    Str:  5    XL:     1   Next: 75%
Magic:  2/7        EV: 13    Int: 19    God:
Gold:   0          SH:  0    Dex: 15    Spells: 6/7 levels left

rFire   . . .      SeeInvis .   (no weapon)
rCold   . . .      Faith    .   (no shield)
rNeg    . . .      Spirit   .   a - +0 robe
rPois   .          Reflect  .   (no helmet)
rElec   .          Harm     .   (no cloak)
rCorr   .          Rampage  .   (no gloves)
Will    .....      NoTele   +   (no boots)
Stlth   ..........              (no amulet)
HPRegen 0.05/turn               (no ring)
MPRegen 0.10/turn               (no ring)

@: berserking, hasted, very quick
A: no striking features
a: no special abilities


You were in the Dungeon.
You visited 1 branch

Inventory:

Armour
 a - a +0 robe (worn)
Scrolls
 g - a scroll of blinking
Potions
 b - 3 potions of magic
 c - a potion of curing
 d - a potion of heal wounds


   Skills:
 + Level 2.7 Dodging
 + Level 2.6 Stealth
 + Level 3.5 Spellcasting
 + Level 5.5 Summonings


You had 6 spell levels left.
You knew the following spells:

 Your Spells              Type           Power      Damage    Failure   Level
a - Summon Small Mammal   Summ           96%        N/A       1%          1

Your spell library contained the following spells:

 Spells                   Type           Power      Damage    Failure   Level
 Call Imp                 Summ           24%        N/A       2%          2
 Call Canine Familiar     Summ           24%        N/A       4%          3
 Summon Guardian Golem    Hex/Summ       13%        N/A       14%         3
 Summon Lightning Spire   Summ/Air       13%        N/A       41%         4


Dungeon Overview and Level Annotations

Branches:
Dungeon (1/1)

Altars:


Message History

Your quokka bites the water moccasin.
The water moccasin misses your quokka.
Your quokka closely misses the water moccasin.
The water moccasin bites your quokka!
Your quokka dies!
Your quokka's corpse disappears in a puff of smoke!
You swap places.
There is an open door to the Dungeon here.
You see here a +0 club.
Casting: Summon Small Mammal (safe; 1% risk of failure)
Confirm with . or Enter, or press ? or * to list all spells.
Your quokka bites the water moccasin.
The water moccasin bites your quokka.
Unknown command.
Casting: Summon Small Mammal (safe; 1% risk of failure)
Confirm with . or Enter, or press ? or * to list all spells.
Your quokka disappears in a puff of smoke!
Your quokka closely misses the water moccasin.
The water moccasin bites your quokka.
Your quokka dies!
Your quokka's corpse disappears in a puff of smoke!
Unknown command.
You see here a jackal corpse.
You swap places.
The water moccasin bites your quokka.
Your quokka is poisoned.
The water moccasin poisons your quokka!
You see here a quokka corpse.
Unknown command.
Unknown command.
Your quokka dies!
Your quokka's corpse disappears in a puff of smoke!
You feel yourself speed up. The water moccasin bites you.
Ouch! That really hurt!
A red film seems to cover your vision as you go berserk!
You feel yourself moving faster!
You feel mighty! The water moccasin barely misses you.
You feel a strong urge to attack something.
You punch the water moccasin!
The water moccasin is heavily wounded.
The water moccasin bites you!
Ouch! That really hurt!
You die...

▓.▓
▓.▓
▓w▓
▓.▓
▓.▓
▓c▓
▓S▓
▓S▓
▓@▓
▓<▓
▓▓▓


You could see a water moccasin, a centaur, an adder and a dart slug.

Vanquished Creatures (collateral kills)
  An endoplasm (D)
  A jackal (D)
  2 quokkas (D)
  A kobold (D)
5 creatures vanquished.

Notes
Turn   | Place    | Note
-------+----------+-------------------------------------------
     0 | D        | mhtbhm the Deep Elf Summoner began the quest for the Orb.
     0 | D        | Reached XP level 1. HP: 10/10 MP: 6/6
     4 | D        | Banished a spatial maelstrom
    23 | D        | Reached skill level 5 in Summonings
   155 | D        | Noticed a centaur
   155 | D        | Noticed a water moccasin
   172 | D        | Slain by a water moccasin

Illustrated notes

Levels and vault maps discovered:
D:        linesprint [early_d, line_temple, items_1, d_10, items_2, lair_1,
          lair_end, items_3, orc_1, orc_end, items_4, d_15, swamp_1, shoals_1,
          snake_1, spider_1, d_20, vaults_1, items_5, swamp_end, shoals_end,
          snake_end, spider_end, vaults_end, d_27, items_6, zot_1, zot_end,
          crypt_end, forest_end, elf_end, slime_end, tomb_end, abyss_end,
          pan_hell_end]

Skill      XL: |  1 |
---------------+----+-----
Summonings     | 5 |  5.5
Dodging        | |  2.7
Stealth        | |  2.6
Spellcasting   | |  3.5

Action                   || total
-------------------------++-------
Melee: Unarmed           ||     1
 Cast: Summon Small Mamm ||    12
  Use: Potion            ||     2
Dodge: Dodged            ||     2

Table legend: (Time is in decaauts)
 A = Elapsed time spent in this place.
 B = Non-inter-level travel time spent in this place.
 C = Inter-level travel time spent in this place.
 D = Time resting spent in this place.
 E = Time spent auto-exploring this place.
 F = Levels seen in this place.
 G = Mean time per level.
                   A        B        C        D        E       F      G
               +--------+--------+--------+--------+--------+-----+--------+
         Total |    171 |    171 |      0 |    105 |      0 |   1 |  171.0 |
       Dungeon |    171 |    171 |      0 |    105 |      0 |   1 |  171.0 |
               +--------+--------+--------+--------+--------+-----+--------+

Top non-repeatable levels by time:
       D: 171 daAuts
